Description

Attack should be within 5:40 and 6:30 if you follow pretty neat, otherwise can be later (not recommended tho)

VOD

https://www.twitch.tv/videos/373536420?filter=all&sort=time

Build Order

Get SALT Encoding   

  13  00:00  Probe  
  14  00:12  Probe  
  14  00:20  Pylon  
  15  0:24  Probe  
  16  0:36  Probe (Chrono Boost)  
  16  0:39  Gateway  
  17  0:44  Probe (Chrono Boost)  
  17  0:49  Assimilator  
  18  0:52  Probe (Chrono Boost)  
  19  1:03  Probe  
  20  1:15  Probe  
  20  1:24  Nexus  
  20  1:33  Cybernetics Core  
  21  1:36  Probe  
  21  1:41  Assimilator  
  22  1:48  Probe  
  22  1:51  Pylon  
  23  2:00  Probe  
  25  2:09  Warp Gate, Stalker  
  26  2:12  Probe (Chrono Boost)  
  27  2:20  Probe (Chrono Boost)  
  27  2:23  Robotics Facility  
  28  2:28  Probe (Chrono Boost)  
  29  2:36  Probe  
  30  2:39  Probe, Sentry  
  33  2:46  Probe (Chrono Boost)  
  33  2:47  Gateway  
  34  2:51  Probe  
  35  2:54  Probe (Chrono Boost)  
  37  3:03  Probe x2  
  41  3:09  Immortal (Chrono Boost)  
  41  3:15  Pylon  
  43  3:16  Sentry  
  45  3:20  Probe x2  
  47  3:32  Probe x2  
  51  3:38  Immortal (Chrono Boost)  
  51  3:40  Pylon  
  52  3:44  Probe  
  53  3:47  Probe  
  53  3:52  Assimilator  
  54  3:56  Probe  
  55  3:59  Probe  
  55  4:05  Pylon  
  59  4:07  Immortal (Chrono Boost)  
  59  4:22  Gateway x2  
  59  4:28  Sentry, Gateway  
  61  4:33  Pylon  
  63  4:34  Warp Prism (Chrono Boost)  
  63  4:39  Gateway  
  63  4:43  Gateway  
  63  4:44  Pylon  
  67  4:51  Sentry x2  Push out for attack
  67  4:55  Pylon x2  
  68  4:59  Observer (Chrono Boost)  
  76  5:17  Adept x4  
  78  5:20  Stalker  
  78  5:21  Pylon  
  80  5:32  Stalker, Sentry  
  90  5:36  Adept x4  push in
  90  5:46  Pylon  
  104  6:00  Adept x7  
  118  6:27  Adept x7  last point to start fight or build pylon
  128  6:49  Sentry, Adept x6  reinforce fight with adepts
Spawning Tool Build Advisor. Get it on Overwolf

Go to:

Details

  • Created by: Serit
  • Published on: Feb 04, 2019
  • Modified on: Feb 04, 2019
  • Patch: 4.7.1
Show
View Real Time Build Order
Export as new Build Order

Comments (0)

There are no comments. Be the first!

Create an account to comment!